 Dungeon Crawl Stone Soup version 0.32-a0-13-gbaedc5810e (webtiles) character file.

Game seed: 12174379106862435544

680902 Morbidden the Eclecticist (level 27, -30/215 HPs)
             Began as a Demonspawn Conjurer on Jan 15, 2024.
             Was a High Priest of Cheibriados.
             Annihilated by an Orb Guardian (31 damage)
             ... on level 5 of the Realm of Zot.
             The game lasted 02:34:10 (65525 turns).

Morbidden the Eclecticist (Demonspawn Conjurer)    Turns: 65525, Time: 02:34:10

Health: -30/215    AC: 30    Str: 24 (26) XL:     27
Magic:  0/46       EV:  9    Int: 47 (49) God:    Cheibriados [*****.]
Gold:   3300       SH: 17    Dex: 29 (32) Spells: 13/65 levels left

rFire   + + .        a - +8 demon blade "Leech" {evervamp, Harm ^Drain rN+}
rCold   + + +        U - +2 shield of Resistance {rF++ rC++ Will++}
rNeg    + + +        W - +7 plate armour "Dintol" {rPois Will+ Str+2 Slay+2}
rPois   +            h - +4 helmet of Gluttony {rC+ rN+ rCorr Str+4}
rElec   +            (cloak unavailable)
rCorr   +            G - +1 pair of gloves "Roiluof" {rElec}
SInv    .            n - +2 pair of boots
Will    +++++        m - amulet of Vitality {RegenMP++ Regen++} Stlth
                     p - +4 ring of slaying
HPRegen 0.00/turn    O - ring of Koowk {rN+ Str+2 Dex+4 Slay+3}
MPRegen 1.40/turn

%: harm (+30% outgoing, +20% incoming), guardian spirit, wizardry (x1)
@: vertiginous, inhibited regen, constricted, studying 3 skills, unable to
drink, very slow
A: powered by death 3, magic shield, magic regeneration, magic link, big brain
3, corrupting presence 2, word of chaos, weakness stinger 3, deformed body,
inhibited regeneration, weak 1, inability to drink after injury 1, inability to
read after injury 1
}: 5/15 runes: serpentine, barnacled, slimy, silver, abyssal
a: Word of Chaos, Renounce Religion, Bend Time, Temporal Distortion, Slouch,
Step From Time


You were on level 5 of the Realm of Zot.
You worshipped Cheibriados.
Cheibriados was extremely pleased with you.
You visited 12 branches of the dungeon, and saw 56 of its levels.
You visited the Abyss 1 time.
You visited 1 bazaar.
You also visited: Gauntlet and Ice Cave.

You collected 8962 gold pieces.
You spent 5662 gold pieces at shops.

Inventory:

Hand Weapons
 a - the +8 demon blade "Leech" (weapon) {evervamp, Harm ^Drain rN+}
   (You took it off a guardian mummy on level 3 of the Crypt)

   rN+:       It protects you from negative energy.
   ^Drain:    It drains your maximum health when unequipped.
   Harm:      It increases damage dealt and taken.
 b - a +3 dagger of venom
Missiles
 u - 15 throwing nets
 I - 15 curare-tipped darts (quivered)
Armour
 h - the +4 helmet of Gluttony (worn) {rC+ rN+ rCorr Str+4}
   (You found it on level 4 of the Shoals)

   Str+4:     It affects your strength (+4).
   rC+:       It protects you from cold.
   rN+:       It protects you from negative energy.
   rCorr:     It protects you from acid and corrosion.
 n - a +2 pair of boots (worn)
 z - +7 gold dragon scales
 G - the +1 pair of gloves "Roiluof" (worn) {rElec}
   (You found it in a Gauntlet)

   rElec:     It insulates you from electricity.
 U - the +2 shield of Resistance (worn) {rF++ rC++ Will++}
   (You bought it in a shop on level 2 of the Elven Halls)

   rF++:      It greatly protects you from fire.
   rC++:      It greatly protects you from cold.
   Will++:    It greatly increases your willpower.
 W - the +7 plate armour "Dintol" (worn) {rPois Will+ Str+2 Slay+2}
   (You found it on level 3 of the Shoals)

   Str+2:     It affects your strength (+2).
   Slay+2:    It affects your accuracy & damage with ranged weapons and melee
   (+2).
   rPois:     It protects you from poison Will+: It increases your willpower.
Jewellery
 m - the amulet of Vitality (around neck) {RegenMP++ Regen++}
   (You bought it in a shop on level 6 of the Dungeon)

   [amulet of magic regeneration]

   RegenMP:   It increases your rate of magic regeneration.
   Regen++:   It increases your rate of health regeneration.
 p - a +4 ring of slaying (left hand)
 q - the ring of Gaecyskoge {rElec rF+ rN+ EV+5}
   (You found it on level 5 of the Lair of Beasts)

   [ring of evasion]

   EV+5:      It affects your evasion (+5).
   rF+:       It protects you from fire.
   rElec:     It insulates you from electricity.
   rN+:       It protects you from negative energy.
 r - a ring of see invisible
 t - the ring of Cohowo {rC+ rCorr Dex+2}
   (You found it on level 4 of the Shoals)

   [ring of resist corrosion]

   Dex+2:     It affects your dexterity (+2).
   rC+:       It protects you from cold.
   rCorr:     It protects you from acid and corrosion.
 C - a ring of protection from fire
 O - the ring of Koowk (right hand) {rN+ Str+2 Dex+4 Slay+3}
   (You found it in a Gauntlet)

   [ring of positive energy]

   Str+2:     It affects your strength (+2).
   Dex+4:     It affects your dexterity (+4).
   Slay+3:    It affects your accuracy & damage with ranged weapons and melee
   (+3).
   rN+:       It protects you from negative energy.
 V - a ring of protection from cold
Talismans
 d - a granite talisman
 x - the death talisman of Chimes {*Slow rF+ rCorr Str+3}
   (You found it on level 3 of the Crypt)

   [talisman of death]

   Str+3:     It affects your strength (+3).
   rF+:       It protects you from fire.
   rCorr:     It protects you from acid and corrosion.
   *Slow:     It may slow you when you take damage.
Wands
 f - a wand of flame (196)
 g - a wand of digging (2)
 j - a wand of paralysis (29)
 N - a wand of light (48)
 P - a wand of mindburst (30)
 Z - a wand of roots (19)
Scrolls
 e - 4 scrolls of immolation
 l - 30 scrolls of teleportation
 D - 6 scrolls of poison
 E - 7 scrolls of revelation
 J - 4 scrolls of amnesia
 K - 6 scrolls of brand weapon
 S - 13 scrolls of enchant weapon
 X - 4 scrolls of blinking
 Y - 2 scrolls of fear
Potions
 c - 11 potions of heal wounds
 i - 24 potions of curing
 k - 4 potions of enlightenment
 v - 4 potions of resistance
 w - 11 potions of ambrosia
 y - 4 potions of magic
 A - 6 potions of attraction
 F - 4 potions of invisibility
 H - 4 potions of might
 L - 11 potions of mutation
 Q - 10 potions of lignification
 R - a potion of cancellation
 T - 3 potions of berserk rage
Miscellaneous
 s - a lightning rod (4/4)
 B - a sack of spiders
 M - a phantom mirror


   Skills:
 * Level 17.2 Fighting
 + Level 4.1(10.5) Short Blades
 * Level 14.8(15.0) Long Blades
 + Level 2.1 Throwing
 * Level 14.1 Armour
 + Level 13.2 Dodging
 + Level 3.7 Stealth
 * Level 11.3 Shields
 * Level 19.5 Spellcasting
 * Level 18.9 Conjurations
 * Level 11.3 Summonings
 + Level 11.9 Translocations
 * Level 15.0 Fire Magic
 * Level 15.3 Air Magic
 - Level 13.0 Invocations
 + Level 1.4 Evocations
 * Level 8.8 Shapeshifting


You had 13 spell levels left.
You knew the following spells:

 Your Spells              Type           Power      Damage    Failure   Level
a - Plasma Beam           Fire/Air       56%        2x1d71    2%          6
b - Orb of Destruction    Conj           61%        9d15      2%          7
c - Magic Dart            Conj           100%       1d8       1%          1
d - Searing Ray           Conj           100%       2d8       1%          2
e - Foxfire               Conj/Fire      100%       2x1d9     1%          1
f - Starburst             Conj/Fire      58%        6d16      1%          6
g - Malign Gateway        Summ/Tloc      50%        N/A       26%         7
h - Airstrike             Air            56%        2d(9-25)  1%          4
i - Call Imp              Summ           100%       N/A       1%          2
s - Spellforged Servitor  Conj/Summ      56%        N/A       8%          7
x - Iskenderun's Mystic   Conj/Tloc      100%       2d19      1%          4
z - Arcjolt               Conj/Air       59%        1d69      1%          5

Your spell library contained the following spells:

 Spells                   Type           Power      Damage    Failure   Level
 Apportation              Tloc           100%       N/A       1%          1
 Kiss of Death            Conj/Necr      100%       2d13      1%          1
 Shock                    Conj/Air       100%       1d9       1%          1
 Sting                    Conj/Alch      100%       1d9       1%          1
 Cigotuvi's Dreadful Rot  Necr/Alch/Air  100%       N/A       1%          2
 Lesser Beckoning         Tloc           100%       N/A       1%          2
 Mercury Vapours          Alch/Air       100%       N/A       1%          2
 Momentum Strike          Conj/Tloc      100%       3d10      1%          2
 Gell's Gravitas          Tloc           100%       N/A       1%          3
 Mephitic Cloud           Conj/Alch/Air  100%       N/A       1%          3
 Stone Arrow              Conj/Erth      100%       3d13      1%          3
 Summon Ice Beast         Ice/Summ       78%        N/A       1%          3
 Swiftness                Air            100%       N/A       1%          3
 Teleport Other           Tloc           100%       N/A       1%          3
 Brom's Barrelling Bould  Conj/Erth      94%        2d10      1%          4
 Fulminant Prism          Conj/Alch      47%        3d21      1%          4
 Manifold Assault         Tloc           100%       N/A       1%          4
 Passage of Golubria      Tloc           100%       N/A       1%          4
 Summon Lightning Spire   Summ/Air       100%       N/A       1%          4
 Vhi's Electric Charge    Tloc/Air       100%       N/A       1%          4
 Fireball                 Conj/Fire      58%        3d22      1%          5
 Freezing Cloud           Conj/Ice/Air   50%        6-21      1%          5
 Summon Forest            Summ/Tloc      50%        N/A       1%          5
 Conjure Ball Lightning   Conj/Air       59%        3x3d21    1%          6
 Sticky Flame             Fire/Alch      86%        2d13      2%          4
 Irradiate                Conj/Alch      47%        3d27      3%          5
 Animate Armour           Summ/Erth      100%       N/A       4%          4
 Dimensional Bullseye     Hex/Tloc       40%        N/A       4%          4
 Martyr's Knell           Necr/Summ      78%        N/A       4%          4
 Sandblast                Erth           90%        2d19      5%          1
 Silence                  Hex/Air        43%        N/A       6%          5
 Dispersal                Tloc           51%        N/A       6%          6
 Ensorcelled Hibernation  Hex/Ice        90%        N/A       7%          2
 Jinxbite                 Hex            90%        N/A       7%          2
 Sublimation of Blood     Necr           45%        N/A       7%          2
 Confusing Touch          Hex            45%        N/A       12%         3
 Frozen Ramparts          Ice            90%        1d14      12%         3
 Fugue of the Fallen      Necr           45%        N/A       12%         3
 Ozocubu's Armour         Ice            45%        N/A       12%         3
 Passwall                 Erth           45%        N/A       12%         3
 Tukima's Dance           Hex            45%        N/A       12%         3
 Summon Mana Viper        Hex/Summ       78%        N/A       12%         5
 Monstrous Menagerie      Summ           50%        N/A       28%         7
 Summon Hydra             Summ           50%        N/A       28%         7
 Anguish                  Hex/Necr       22%        N/A       32%         4
 Cause Fear               Hex            22%        N/A       32%         4
 Dispel Undead            Necr           45%        3d17      32%         4
 Leda's Liquefaction      Alch/Erth      22%        N/A       32%         4
 Petrify                  Alch/Erth      45%        N/A       32%         4
 Maxwell's Capacitive Co  Air            56%        ∞         38%         8
 Alistair's Intoxication  Alch           30%        N/A       63%         5
 Lee's Rapid Deconstruct  Erth           22%        3d13*     63%         5
 Metabolic Englaciation   Hex/Ice        22%        N/A       63%         5
 Yara's Violent Unravell  Hex/Alch       22%        3d10      63%         5
 Disjunction              Tloc           51%        N/A       80%         8
 Summon Horrible Things   Summ           50%        N/A       86%         8
 Haunt                    Necr/Summ      39%        N/A       91%         7
 Chain Lightning          Conj/Air       59%        3d78      92%         9
 Fire Storm               Conj/Fire      58%        8d15      94%         9
 Death Channel            Necr           22%        N/A       98%         6
 Sculpt Simulacrum        Ice/Alch       22%        N/A       98%         6
 Lehudib's Crystal Spear  Conj/Erth      47%        10d11     98%         8
 Enfeeble                 Hex            22%        N/A       100%        7
 Ozocubu's Refrigeration  Ice            22%        4d12      100%        7
 Borgnjor's Revivificati  Necr           22%        N/A       100%        8
 Death's Door             Necr           22%        N/A       100%        9
 Dragon's Call            Summ           50%        N/A       100%        9
 Shatter                  Erth           22%        3d20*     100%        9


Dungeon Overview and Level Annotations

Branches:
Dungeon (15/15)            Temple (1/1) D:6            Lair (5/5) D:10
 Shoals (4/4) Lair:3        Snake (4/4) Lair:2        Slime (5/5) Lair:4
    Orc (2/2) D:10            Elf (3/3) Orc:2        Vaults (5/5) D:14
  Crypt (3/3) Vaults:3       Tomb (0/3) Crypt:3      Depths (4/4) D:15
    Zot (5/5) Depths:4      IceCv (visited)         Gauntlet (visited)

Altars:
Ashenzari
Cheibriados
Dithmenos
Fedhas
Gozag
Hepliaklqana
Kikubaaqudgha
Makhleb
Nemelex Xobeh
Okawaru
Qazlal
Ru
Sif Muna
Trog
Uskayaw
Vehumet
Wu Jian
Xom
Yredelemnul

Shops:
D:2 ?   D:6 :==   D:8 :   D:10 *   Orc:2 (:**   Elf:1 (   Elf:2 [   Elf:3 :
Shoals:3 (**[?   Shoals:4 *   Vaults:1 =   Depths:1 *

Portals:
Hell: Depths:1 Depths:2 Depths:3 Depths:4
Abyss: Depths:3
Pandemonium: Orc:2 Depths:1 Depths:2 Depths:3
Ziggurat: Depths:1

Annotations:
Lair:3 exclusion: oklob plant
Lair:5 exclusion: obsidian statue
Snake:1 2 transporters, Kurok's ghost, journeyman MiFi
Depths:2 1 runed translucent door
Depths:4 5 runed translucent doors
Zot:2 2 transporters


Innate Abilities, Weirdness & Mutations

You regenerate a lot of health from kills.
When hurt, damage is shared between your health and your magic reserves.
You regenerate magic rapidly.
When low on magic, you restore magic in place of health.
You have an absolutely massive brain. (Int +6, Wiz)
Your presence sometimes corrodes or deforms those you injure.
You can speak a Word of Chaos.
You have a sharp stinger which inflicts weakening toxins.
Armour fits poorly on your strangely shaped body.
You do not regenerate when monsters are visible.
You are weak. (Str -2)
You occasionally lose the ability to drink potions when taking damage.
You occasionally lose the ability to read scrolls when taking damage.


Message History

The Orb Guardian hits your ghost moth!!
A protean progenitor comes into view.
The tentacled monstrosity tentacle-slaps you!
* * * LOW HITPOINT WARNING * * *
The tentacled monstrosity tentacle-slaps you but does no damage. x2
The tentacled monstrosity constricts you.
A shadow dragon comes into view.
Unknown command.
Unknown command.
Unknown command.
The tentacled monstrosity's grasp on you weakens, but your attempt to escape fails.
The Orb Guardian hits your ghost moth!!
Your ghost moth dies!
Your ghost moth's corpse dissolves into shadows!
Your storm dragon bites the tentacled monstrosity!
Your storm dragon claws the tentacled monstrosity!
Your storm dragon tramples the tentacled monstrosity!
The tentacled monstrosity holds its ground!
The tentacled monstrosity tentacle-slaps you!
* * * LOW HITPOINT WARNING * * *
You block the tentacled monstrosity's attack. x2
The tentacled monstrosity constricts you!
* * * LOW HITPOINT WARNING * * *
Unknown command.
Unknown command.
Unknown command.
The tentacled monstrosity's grasp on you weakens, but your attempt to escape fails.
The Orb Guardian hits your red draconian!
You block the Orb Guardian's attack.
Your storm dragon bites the tentacled monstrosity but does no damage.
Your storm dragon claws the tentacled monstrosity.
Your storm dragon barely misses the tentacled monstrosity.
The Orb Guardian hits your red draconian!!
The tentacled monstrosity tentacle-slaps you.
* * * LOW HITPOINT WARNING * * *
The tentacled monstrosity barely misses you.
The tentacled monstrosity tentacle-slaps you but does no damage.
The tentacled monstrosity constricts you.
The Orb Guardian hits you!!
You die...

........##
.........#
.........#
........d#
.......d.#
......^..#
......dDX#
....DXX@#
.....XX##
......#
^.D..▓
...C. ....
... ...


You could see a shadow dragon, a tentacled monstrosity (ally target), a
quicksilver dragon, 3 Orb Guardians, a protean progenitor, a friendly tentacled
monstrosity (summoned), a friendly storm dragon (summoned), a friendly black
draconian (summoned), a friendly green draconian (summoned) and a friendly red
draconian (summoned).

Vanquished Creatures
  Dissolution (Slime:2)
  the Royal Jelly (Slime:5)
  2 dread liches (Vaults:5)
  An orb of fire (Zot:5)
  Mara (Vaults:4)
  3 ancient liches (Vaults:5)
  A Killer Klown (Zot:5)
  Vv (Crypt:1)
  Saint Roka (Snake:3)
  Margery (Crypt:3)
  2 curse toes
  Norris (Depths:2)
  6 golden dragons
  2 profane servitors (Crypt:3)
  2 bone dragons (Depths:4)
  A hellephant (Crypt:3)
  2 Tzitzimimeh (Depths:3)
  15 tentacled monstrosities
  2 Ice Fiends
  Rupert (D:14)
  4 liches
  Asterion (Snake:3)
  6 Orb Guardians (Zot:5)
  2 deep elf blademasters (Elf:3)
  6 titans
  5 krakens
  3 sphinxes
  Gastronok (D:9)
  2 deep elf master archers (Elf:3)
  20 acid blobs
  5 quicksilver dragons
  9 death cobs
  An Executioner (Abyss:3)
  11 ancient champions
  2 tentacled starspawn (Abyss:3)
  Aizul (Snake:3)
  9 shadow dragons
  2 thorn hunters (Abyss:3)
  11 tengu reavers
  17 storm dragons
  Donald (Vaults:2)
  9 nagarajas
  Roxanne (Shoals:2)
  12 azure jellies
  10 rockslimes
  5 revenants
  6 draconian monks
  2 protean progenitors (Zot:4)
  5 iron dragons
  A daeva (Depths:2)
  4 draconian shifters
  Louise (Shoals:4)
  6 draconian scorchers
  7 fire giants
  7 draconian knights
  A ghost moth (Zot:4)
  A balrug (Abyss:3)
  3 curse skulls
  12 deep elf sorcerers
  15 vault wardens
  A caustic shrike zombie (Crypt:3)
  7 frost giants
  10 quicksilver oozes
  4 formless jellyfish
  4 spectral caustic shrikes (Depths:4)
  A draconian stormcaller (Zot:3)
  2 deep elf elementalists (Elf:3)
  2 orc warlords (Vaults:2)
  3 reapers
  A draconian annihilator (Zot:3)
  2 ghouls (Crypt:3)
  19 ironbound preservers
  9 stone giants
  17 very ugly things
  6 ironbound thunderhulks
  6 vampire knights
  6 dire elephants
  9 green draconians
  A lorocyproca (Depths:1)
  9 red draconians
  13 black draconians
  3 war gargoyles
  5 deep elf demonologists
  9 white draconians
  14 deep elf death magi
  A minotaur (Gauntlet)
  Azrael (D:12)
  4 spark wasps (Depths:2)
  7 deep elf annihilators
  The ghost of HourglassMan the Nimble, a journeyman MfAl of Sif Muna (Orc:2)
  6 yellow draconians
  10 purple draconians
  6 merfolk javelineers
  3 mummy priests (Crypt:3)
  10 eidola
  8 ettins
  Josephine (Lair:3)
  An entropy weaver (Abyss:3)
  2 peacekeepers
  11 merfolk impalers
  13 jiangshi
  Harold (D:9)
  8 fire dragons
  10 yaktaur captains
  4 rakshasas
  9 great orbs of eyes
  5 deep elf high priests
  10 ice dragons
  3 ogre magi
  6 hydras
  31 vault guards
  2 spriggan air magi
  3 salamander tyrants (Snake:3)
  4 boulder beetles
  3 alligator snapping turtles
  4 merfolk avatars
  15 centaur warriors
  9 ironbound frosthearts
  3 catoblepae
  3 demonspawn (Orc:2)
  7 anacondas
  3 tengu warriors
  30 dancing weapons
  8 merfolk aquamancers
  9 two-headed ogres
  A two-headed ogre (shapeshifter) (Elf:3)
  7 death yaks (Lair:5)
  8 deep troll shamans
  2 death scarabs (Gauntlet)
  4 death knights
  2 satyrs
  A thrashing horror (Abyss:3)
  11 naga warriors
  11 deep troll earth magi
  2 occultists
  17 naga sharpshooters
  8 vampire magi
  4 shock serpents
  A titan zombie (Crypt:3)
  Sonja (Orc:2)
  14 deep elf knights
  2 spriggan berserkers (Depths:4)
  27 hell knights
  2 titan skeletons (Crypt:3)
  8 orc high priests (Orc:2)
  A spriggan (Depths:4)
  2 soul eaters
  A shock serpent (shapeshifter) (Vaults:5)
  31 skeletal warriors
  A spectral death yak (Lair:5)
  8 iron trolls
  3 wretched stars (Abyss:3)
  A fire crab (shapeshifter) (Vaults:2)
  6 skysharks
  6 shadow wraiths
  17 sea snakes
  10 salamander mystics
  2 glowing orange brains
  A deep troll (shapeshifter) (Vaults:5)
  12 mana vipers
  A kraken simulacrum (Shoals:4)
  7 arcanists
  A spectral anaconda (Lair:5)
  11 flayed ghosts
  54 deep trolls
  A golden dragon skeleton (Crypt:3)
  11 naga ritualists
  A mana viper (shapeshifter) (Vaults:5)
  4 spriggan simulacra
  8 lindwurms
  A bog body (IceCv)
  17 ironbound convokers
  23 deep elf pyromancers
  An anaconda skeleton (Crypt:1)
  2 obsidian statues
  12 phantasmal warriors
  13 salamanders
  16 necromancers
  11 deep elf archers
  26 harpies
  38 ugly things
  A wolf spider zombie (Crypt:2)
  28 deep elf zephyrmancers
  2 oklob plants (Shoals:1)
  17 orc knights
  5 shining eyes
  Maurice (D:11)
  11 orc sorcerers
  A steelbarb worm (shapeshifter) (Vaults:5)
  8 cyclopes
  16 fauns
  9 merfolk sirens
  21 elephants
  2 dire elephant zombies
  A stone giant zombie (Crypt:2)
  20 moths of wrath
  16 manticores
  2 apocalypse crabs (Abyss:3)
  6 guardian serpents
  2 worldbinders
  27 black mambas
  A fire giant skeleton (Crypt:2)
  A water nymph (shapeshifter) (Vaults:5)
  A kobold blastminer (Orc:1)
  A frost giant skeleton (Crypt:1)
  6 eyes of devastation
  13 naga magi
  10 vault sentinels
  A smoke demon (D:14)
  2 rust devils
  3 gargoyles
  12 cane toads
  4 large abominations (Abyss:3)
  An unseen horror (D:11)
  11 water nymphs
  2 rime drakes
  A kobold demonologist (D:12)
  3 centaur skeletons (D:14)
  3 orange demons (D:14)
  10 freezing wraiths
  A dire elephant skeleton (Abyss:3)
  11 komodo dragons
  43 yaktaurs
  3 ancient zymes (Abyss:3)
  A grey draconian zombie (Crypt:3)
  A tengu conjurer (Depths:2)
  10 ice devils (IceCv)
  An alligator snapping turtle skeleton (Crypt:1)
  12 guardian mummies (Crypt:3)
  2 harpy zombies (Crypt:3)
  2 red devils
  An anaconda simulacrum (IceCv)
  2 golden dragon simulacra
  6 trolls
  48 merfolk
  4 polar bears
  3 wind drakes
  3 alligator simulacra (IceCv)
  A queen bee (Lair:2)
  4 hellwings
  Prince Ribbit (D:6)
  A tyrant leech (Gauntlet)
  4 hornets
  A merfolk (shapeshifter) (Vaults:5)
  A tengu simulacrum (Depths:2)
  A hydra skeleton (Crypt:3)
  21 dream sheep
  A spectral elephant (Lair:5)
  A spectral dream sheep (Gauntlet)
  9 snapping turtles
  2 spriggan zombies
  A frost giant simulacrum (Depths:2)
  3 blink frogs (Lair:1)
  A dream sheep (shapeshifter) (Vaults:5)
  2 spriggan skeletons
  5 air elementals
  108 slime creatures
  6 shadows
  An ushabti (Crypt:3)
  49 yaks
  19 water elementals
  A naga simulacrum (Crypt:3)
  4 small abominations (Abyss:3)
  4 wyverns
  Grum (D:9)
  7 fire elementals
  2 spectral komodo dragons (Gauntlet)
  5 alligator snapping turtle simulacra (Shoals:4)
  10 wraiths
  7 basilisks
  11 humans (D:12)
  9 starcursed masses (Abyss:3)
  13 golden eyes
  3 wargs (Orc:2)
  3 steam dragons
  8 vampire mosquitoes
  2 black mamba skeletons
  8 minotaur simulacra (IceCv)
  6 sea snake simulacra (Shoals:4)
  A redback (shapeshifter) (Vaults:5)
  3 death yak simulacra
  A chaos spawn (Abyss:3)
  4 swamp worms (Gauntlet)
  A two-headed ogre zombie (Crypt:3)
  4 harpy simulacra
  A hydra simulacrum (IceCv)
  28 nagas
  A naga zombie (Crypt:2)
  18 water moccasins
  A cane toad zombie (Crypt:2)
  2 hell hounds (D:12)
  A lindwurm zombie (Crypt:2)
  3 elephant zombies (Lair:5)
  52 orc warriors
  An ice beast (D:6)
  2 ettin simulacra (IceCv)
  A satyr simulacrum (Shoals:4)
  A spectral torpor snail (Gauntlet)
  15 laughing skulls
  12 ogres
  11 centaurs
  5 elephant skeletons
  15 wolves
  A swamp dragon skeleton (Crypt:3)
  A brain worm (Abyss:2)
  A rime drake skeleton (Crypt:1)
  A necrophage (Crypt:3)
  2 gnoll sergeants
  6 kobold brigands
  A komodo dragon skeleton (Crypt:1)
  9 bullfrogs
  2 faun simulacra (Shoals:4)
  2 cane toad simulacra (Lair:5)
  2 earth elementals
  10 deep troll simulacra (IceCv)
  3 scorpions
  3 wights (D:7)
  A raiju zombie (Crypt:1)
  An elephant simulacrum (Lair:5)
  A manticore simulacrum (Shoals:4)
  2 lindwurm simulacra (IceCv)
  32 killer bees
  2 snapping turtle simulacra (Shoals:4)
  2 electric eels (Lair:3)
  2 howler monkeys
  3 hounds
  A cyclops simulacrum (Shoals:4)
  3 gnoll boudas
  A human skeleton (Crypt:2)
  4 jellies
  25 orc priests
  An iron imp (Abyss:3)
  6 iguanas
  31 orc wizards
  A boggart skeleton (D:14)
  2 acid dragon zombies
  2 centaur simulacra
  A mummy (Crypt:3)
  12 adders
  19 gnolls
  4 white imps
  6 ufetubi
  An adder zombie (Crypt:2)
  A lava snake zombie (Crypt:2)
  A lava snake skeleton (Crypt:3)
  3 ribbon worms
  100 orcs
  6 endoplasms
  2 giant cockroaches (D:3)
  2 goblins
  3 hobgoblins
  25 kobolds
  2 quokkas
  4 ball pythons
  5 bats
  5 frilled lizards
  A gnoll skeleton (Crypt:2)
  3 rats
  A rat skeleton (Crypt:3)
  An aspiring flesh (Zot:4)
  2 starspawn tentacles (Abyss:3)
  17 tentacles
2567 creatures vanquished.

Vanquished Creatures (collateral kills)
  Vashnia (Snake:3)
  A merfolk avatar (Shoals:2)
  A deep troll (Depths:4)
  An eye of devastation (Slime:5)
  A merfolk (Shoals:4)
  An air elemental (D:13)
  A slime creature (Slime:2)
  A fire elemental (D:13)
  An earth elemental (D:13)
  2 killer bees (Lair:2)
  3 foxfires
14 creatures vanquished.

Vanquished Creatures (others)
  2 eldritch tentacles
  A quicksilver ooze (Slime:5)
  A deep elf pyromancer (Elf:1)
  2 naga magi
  An orc (D:10)
  837 foxfires
  A lurking horror (Abyss:3)
  7 starspawn tentacles (Abyss:3)
  20 tentacles
872 creatures vanquished.

Grand Total: 3453 creatures vanquished

Notes
Turn   | Place    | Note
-------+----------+-------------------------------------------
     0 | D:1      | Morbidden the Demonspawn Conjurer began the quest for the
                  | Orb.
     0 | D:1      | Reached XP level 1. HP: 13/13 MP: 3/3
   447 | D:1      | Gained mutation: You have an unusually large brain. (Int
                  | +2) [demonic ancestry]
   447 | D:1      | Reached XP level 2. HP: 19/19 MP: 1/5
   609 | D:1      | Learned a level 2 spell: Searing Ray
  1177 | D:2      | Found a shimmering blue altar of Sif Muna.
  1291 | D:2      | Gained mutation: You have a small tail. [demonic ancestry]
  1291 | D:2      | Reached XP level 3. HP: 25/25 MP: 1/6
  1483 | D:2      | Found Leliesof's Magic Scroll Emporium.
  1513 | D:2      | Learned a level 1 spell: Foxfire
  2161 | D:2      | Bought a scroll of teleportation for 42 gold pieces
  2207 | D:3      | Found a radiant altar of Vehumet.
  2836 | D:3      | Found a sparkling altar of Nemelex Xobeh.
  2843 | D:3      | Found a shimmering altar of Xom.
  2855 | D:3      | Found a stormy altar of Qazlal.
  2880 | D:3      | Found a shimmering blue altar of Sif Muna.
  3019 | D:4      | Reached skill level 1 in Fighting
  3019 | D:4      | Reached XP level 4. HP: 16/32 MP: 0/7
  3495 | D:4      | Reached skill level 5 in Conjurations
  3654 | D:4      | Reached XP level 5. HP: 25/37 MP: 0/9
  3889 | D:4      | Reached skill level 1 in Armour
  3889 | D:4      | Reached skill level 1 in Fire Magic
  3938 | D:4      | Reached skill level 3 in Spellcasting
  4054 | D:4      | Reached skill level 1 in Long Blades
  4293 | D:4      | Gained mutation: You regenerate a little health from kills.
                  | [demonic ancestry]
  4293 | D:4      | Reached XP level 6. HP: 31/43 MP: 4/10
  5059 | D:5      | Entered Level 5 of the Dungeon
  5910 | D:5      | Gained mutation: You regenerate health from kills. [demonic
                  | ancestry]
  5910 | D:5      | Reached XP level 7. HP: 49/49 MP: 4/12
  6149 | D:6      | Noticed a yak
  6149 | D:6      | Noticed a yak
  6149 | D:6      | Noticed a yak
  6149 | D:6      | Noticed a yak
  6155 | D:6      | Found Zotur's Jewellery Boutique.
  6156 | D:6      | Found Fecvouwu's Book Boutique.
  6156 | D:6      | Found Ogupsitt's Jewellery Boutique.
  6156 | D:6      | Noticed Prince Ribbit
  6168 | D:6      | Killed Prince Ribbit
  6169 | D:6      | Reached skill level 4 in Spellcasting
  6720 | D:7      | Reached XP level 8. HP: 42/56 MP: 6/14
  6994 | D:7      | Learned a level 4 spell: Iskenderun's Mystic Blast
  7363 | D:7      | Reached skill level 1 in Translocations
  7383 | D:7      | Reached skill level 5 in Spellcasting
  7918 | D:7      | Found an opulent altar of Gozag.
  8628 | D:5      | Reached XP level 9. HP: 43/62 MP: 12/16
  8727 | D:6      | Learned a level 6 spell: Plasma Beam
  8787 | D:6      | Found a staircase to the Ecumenical Temple.
  8850 | Temple   | Entered the Ecumenical Temple
  8868 | Temple   | Became a worshipper of Cheibriados the Contemplative
  9487 | D:6      | Reached skill level 1 in Air Magic
 10646 | D:8      | Reached * piety under Cheibriados
 10652 | D:8      | Reached skill level 1 in Invocations
 11527 | D:8      | Reached XP level 10. HP: 71/71 MP: 7/18
 12004 | D:8      | Reached skill level 6 in Spellcasting
 12160 | D:8      | Found Waonuc's Tiny Tomes.
 12501 | D:8      | Found a bloodstained altar of Trog.
 12659 | D:9      | Reached ** piety under Cheibriados
 12948 | D:9      | Noticed Gastronok
 13292 | D:9      | Identified the +1 cloak of Issyp {Slay+3}
 13647 | D:9      | Reached *** piety under Cheibriados
 13679 | D:9      | Noticed Grum
 13690 | D:9      | Reached skill level 5 in Long Blades
 13691 | D:9      | Killed Grum
 14214 | D:9      | Noticed Harold
 14282 | D:10     | Entered Level 10 of the Dungeon
 14878 | D:10     | Found a staircase to the Orcish Mines.
 14926 | D:10     | Found a staircase to the Lair.
 14936 | D:10     | Gained mutation: You have an extremely huge brain. (Int +4)
                  | [demonic ancestry]
 14936 | D:10     | Reached XP level 11. HP: 78/78 MP: 0/21
 15073 | D:10     | Found Agoekk's Demolitions Depot.
 15088 | D:10     | Reached skill level 5 in Fighting
 15091 | D:10     | Reached **** piety under Cheibriados
 15708 | D:9      | Killed Gastronok
 15709 | D:9      | Reached skill level 7 in Spellcasting
 15709 | D:9      | Reached skill level 5 in Fire Magic
 15901 | D:9      | Found an iron altar of Okawaru.
 15903 | D:9      | Got the Precepts of Brumal Creation
 16042 | D:9      | Killed Harold
 16043 | D:9      | Reached skill level 1 in Short Blades
 16043 | D:9      | Reached skill level 1 in Throwing
 16043 | D:9      | Reached skill level 5 in Invocations
 16374 | D:11     | Found a gate leading to a gauntlet.
 16393 | Gauntlet | Entered a Gauntlet
 16393 | Gauntlet | Noticed a death scarab
 16393 | Gauntlet | Noticed a death scarab
 16393 | Gauntlet | Found a transporter.
 16393 | Gauntlet | Found a transporter.
 16394 | Gauntlet | Found a transporter.
 16394 | Gauntlet | Found a transporter.
 16394 | Gauntlet | Noticed a death scarab
 16459 | Gauntlet | Found a transporter.
 16473 | Gauntlet | Found a transporter.
 16535 | Gauntlet | Found a transporter.
 16544 | Gauntlet | Noticed a large abomination
 16545 | Gauntlet | Found a transporter.
 16560 | Gauntlet | Found a transporter.
 16562 | Gauntlet | Noticed a catoblepas
 16570 | Gauntlet | Found a transporter.
 16585 | Gauntlet | Found a transporter.
 16591 | Gauntlet | Found a transporter.
 16703 | Gauntlet | Killed a death scarab
 16703 | Gauntlet | Killed a death scarab
 16716 | Gauntlet | Reached skill level 5 in Dodging
 16723 | Gauntlet | Identified the +0 hat of Fun {Dex+4}
 16945 | Gauntlet | Identified the +1 pair of gloves "Roiluof" {rElec}
 17167 | Gauntlet | Noticed a minotaur
 17179 | Gauntlet | Killed a minotaur
 17259 | Gauntlet | Identified the ring of Koowk {rN+ Str+2 Dex+4 Slay+3}
 17393 | D:11     | Noticed Maurice
 17400 | D:11     | Maurice stole a phantom mirror
 17401 | D:11     | Maurice stole a +1 dagger of flaming
 17409 | D:11     | Maurice stole a ring of positive energy
 17411 | D:11     | Maurice stole 114 gold
 17412 | D:11     | Maurice stole 8 javelins
 17415 | D:11     | Killed Maurice
 17630 | D:11     | Reached XP level 12. HP: 70/87 MP: 23/23
 18017 | D:11     | Reached skill level 5 in Armour
 18017 | D:11     | Reached skill level 5 in Translocations
 18141 | Lair:1   | Entered Level 1 of the Lair of Beasts
 18229 | Lair:1   | Reached ***** piety under Cheibriados
 18405 | Lair:1   | Noticed a catoblepas
 18421 | Lair:1   | Killed a catoblepas
 19496 | Lair:1   | Reached skill level 8 in Spellcasting
 20143 | Lair:2   | Noticed a five-headed hydra
 20987 | Lair:2   | Reached ****** piety under Cheibriados
 20990 | Lair:2   | Killed a five-headed hydra
 20991 | Lair:2   | Reached skill level 1 in Evocations
 20998 | Lair:2   | Gained mutation: You regenerate magic rapidly. [demonic
                  | ancestry]
 20998 | Lair:2   | Reached XP level 13. HP: 91/93 MP: 14/25
 21793 | Lair:2   | Found a staircase to the Snake Pit.
 22070 | Lair:2   | Found a shimmering blue altar of Sif Muna.
 22461 | Lair:3   | Found a staircase to the Shoals.
 22737 | Lair:3   | Noticed Josephine
 22745 | Lair:3   | Killed Josephine
 22973 | Lair:3   | Identified the +3 sling of Wounding {antimagic, rPois
                  | Will+}
 23111 | Lair:3   | Found an iron altar of Okawaru.
 23690 | Shoals:1 | Entered Level 1 of the Shoals
 23829 | Lair:4   | Found a staircase to the Slime Pits.
 24049 | Lair:4   | Reached skill level 5 in Air Magic
 24408 | Lair:4   | Reached skill level 9 in Spellcasting
 24744 | Lair:5   | Entered Level 5 of the Lair of Beasts
 24997 | Lair:5   | Reached skill level 10 in Conjurations
 25348 | Lair:5   | Gained mutation: You have an absolutely massive brain. (Int
                  | +6, Wiz) [demonic ancestry]
 25348 | Lair:5   | Reached XP level 14. HP: 103/103 MP: 12/27
 26483 | Lair:5   | Found the +7 sceptre of Torment {pain, torment}
 26684 | Lair:5   | Identified the +2 scale mail of Temperance {+Inv rF+ Str+6}
 27169 | Lair:5   | Identified the ring of Gaecyskoge {rElec rF+ rN+ EV+5}
 27933 | D:12     | Noticed Azrael
 27944 | D:12     | Killed Azrael
 28073 | D:12     | You fall into a shaft and drop 3 floors!
 28073 | D:15     | Entered Level 15 of the Dungeon
 28252 | D:15     | HP: 1/103 [deep elf pyromancer/bolt of fire (34)]
 29102 | D:6      | Bought the amulet of Vitality {RegenMP++ Regen++} for 1300
                  | gold pieces
 29102 | D:6      | Found the amulet of Vitality {RegenMP++ Regen++}
 29284 | D:12     | Reached skill level 10 in Spellcasting
 29762 | D:12     | Gained mutation: When hurt, damage is shared between your
                  | health and your magic reserves. [demonic ancestry]
 29762 | D:12     | Reached XP level 15. HP: 109/109 MP: 2/29
 29801 | D:12     | Found a burning altar of Makhleb.
 30206 | D:13     | Found a large runed translucent door.
 30207 | D:13     | Found a large runed translucent door.
 30531 | D:13     | Paralysed by an air elemental for 1 turns
 30534 | D:13     | Paralysed by an air elemental for 1 turns
 30687 | D:13     | Identified a scroll of acquirement
 30688 | D:13     | Acquired 859 gold pieces
 30732 | D:14     | Reached skill level 1 in Shields
 30849 | D:14     | Reached skill level 10 in Invocations
 30909 | D:14     | Noticed Rupert
 30913 | D:14     | Paralysed by Rupert for 3 turns
 30916 | D:14     | Paralysed by Rupert for 3 turns
 30923 | D:14     | Killed Rupert
 31331 | D:14     | Found a gate to the Vaults.
 31503 | D:15     | Found a staircase to the Depths.
 32472 | Orc:1    | Entered Level 1 of the Orcish Mines
 32480 | Orc:1    | Learned a level 6 spell: Starburst
 32519 | Orc:2    | Entered Level 2 of the Orcish Mines
 32519 | Orc:2    | Found a runed translucent gate.
 32519 | Orc:2    | Found a runed translucent gate.
 32519 | Orc:2    | Found a runed translucent gate.
 32520 | Orc:2    | Noticed HourglassMan's ghost (journeyman MfAl)
 32522 | Orc:2    | Identified the +9 chain mail of Zutz {SInv}
 32527 | Orc:2    | Noticed Sonja
 32530 | Orc:2    | Killed Sonja
 32574 | Orc:2    | Killed HourglassMan's ghost
 32624 | Orc:2    | Identified the +3 sling "Vienist" {flame, rC+}
 32628 | Orc:2    | Identified the ring of Zood {rF- Str+6 Int+3 Dex+4 Slay+3}
 32766 | Orc:2    | Found a staircase to the Elven Halls.
 33023 | D:10     | Bought a book of Lightning for 468 gold pieces
 33152 | Orc:2    | Learned a level 5 spell: Arcjolt
 33168 | Orc:2    | Found Xossaree's General Store.
 33173 | Orc:2    | Found Viebar's General Store.
 33208 | Orc:2    | Bought a scroll of revelation for 120 gold pieces
 33317 | Orc:2    | Reached XP level 16. HP: 102/118 MP: 15/30
 33324 | Orc:2    | Paralysed by an orc sorcerer for 3 turns
 33360 | Orc:2    | Paralysed by an orc sorcerer for 4 turns
 33455 | Orc:2    | Found Kaporraq's Antique Weapon Shoppe.
 33455 | Orc:2    | Found Hioheom's Book Emporium.
 33456 | Orc:2    | Found a one-way gate leading to the halls of Pandemonium.
 34134 | Snake:1  | Entered Level 1 of the Snake Pit
 34182 | Snake:1  | Found the +3 robe of Clouds {*Thunder rCloud rElec}
 34183 | Snake:1  | Found a transporter.
 34186 | Snake:1  | Noticed Kurok's ghost (journeyman MiFi)
 34215 | Snake:1  | Found a transporter.
 34284 | Snake:1  | Reached skill level 10 in Long Blades
 35695 | Snake:3  | Identified the serpent talisman "Jynt" {rC+}
 35695 | Snake:3  | Noticed Aizul
 35715 | Snake:3  | Killed Aizul
 35782 | Snake:3  | Noticed Vashnia
 35794 | Snake:3  | Killed Vashnia
 35807 | Snake:3  | Reached skill level 11 in Spellcasting
 35839 | Snake:3  | Noticed Asterion
 35855 | Snake:3  | Learned a level 2 spell: Call Imp
 35867 | Snake:3  | Killed Asterion
 36178 | Snake:3  | Identified the +5 great sword of Integrity {drain, rCorr
                  | MP+9 Dex+4 Stlth+}
 36180 | Snake:3  | Gained mutation: You have a tail ending in a sharp stinger.
                  | [demonic ancestry]
 36180 | Snake:3  | Reached XP level 17. HP: 125/125 MP: 25/32
 36213 | Snake:3  | Noticed Saint Roka
 36223 | Snake:3  | Reached skill level 1 in Summonings
 36232 | Snake:3  | Killed Saint Roka
 36476 | Snake:3  | Found a transporter.
 36479 | Snake:3  | Found a radiant altar of Vehumet.
 36629 | Snake:3  | Identified the ring "Sigenac" {Will+ Str+2}
 36721 | Snake:3  | Reached skill level 5 in Shields
 36801 | Snake:3  | Found a transporter.
 36826 | Snake:4  | Entered Level 4 of the Snake Pit
 37775 | Snake:4  | Got a serpentine rune of Zot
 38422 | Shoals:1 | Reached XP level 18. HP: 134/134 MP: 23/33
 38891 | Shoals:2 | Reached skill level 10 in Fighting
 38995 | Shoals:2 | Found a glacial archway.
 39010 | IceCv    | Entered an ice cave
 39664 | IceCv    | Noticed an Ice Fiend
 39670 | IceCv    | Killed an Ice Fiend
 39671 | IceCv    | Reached skill level 12 in Spellcasting
 39800 | IceCv    | Identified the staff "Ofraxzen" {rElec rF+ rN+ Int-2 Air
                  | Earth}
 40194 | Shoals:2 | Reached skill level 10 in Fire Magic
 40444 | Shoals:2 | Noticed Roxanne
 40477 | Shoals:2 | Killed Roxanne
 41036 | Shoals:3 | Found Anuupp's Magic Scroll Shop.
 41036 | Shoals:3 | Identified the +7 plate armour "Dintol" {rPois Will+ Str+2
                  | Slay+2}
 41271 | Shoals:3 | Bought a scroll of blinking for 90 gold pieces
 41271 | Shoals:3 | Bought a scroll of teleportation for 36 gold pieces
 41271 | Shoals:3 | Bought a scroll of teleportation for 36 gold pieces
 41271 | Shoals:3 | Bought a scroll of revelation for 90 gold pieces
 41271 | Shoals:3 | Bought a scroll of poison for 48 gold pieces
 41271 | Shoals:3 | Bought a scroll of poison for 48 gold pieces
 41271 | Shoals:3 | Bought a scroll of enchant weapon for 90 gold pieces
 41296 | Shoals:3 | Reached skill level 10 in Armour
 41296 | Shoals:3 | Reached skill level 1 in Shapeshifting
 41435 | Shoals:3 | Found Fuixezow's Visitors' Centre.
 41441 | Shoals:3 | Found Fuixezow's Merfolk Weapons.
 41441 | Shoals:3 | Found Fuixezow's Merfolk Armours.
 41441 | Shoals:3 | Found Fuixezow's Merfolk Magic.
 41583 | Shoals:2 | Learned a level 4 spell: Airstrike
 41612 | Shoals:2 | Gained mutation: You have a sharp stinger which inflicts
                  | weakening toxins. [demonic ancestry]
 41612 | Shoals:2 | Reached XP level 19. HP: 142/142 MP: 24/35
 41678 | Shoals:4 | Entered Level 4 of the Shoals
 41748 | Shoals:4 | Reached skill level 5 in Summonings
 41781 | Shoals:4 | Got a barnacled rune of Zot
 41844 | Shoals:4 | Identified the +4 helmet of Gluttony {rC+ rN+ rCorr Str+4}
 41935 | Shoals:4 | Found Bigelaru's General Store.
 42154 | Shoals:4 | Identified the ring of Cohowo {rC+ rCorr Dex+2}
 42348 | Shoals:4 | Noticed Louise
 42371 | Shoals:4 | Killed Louise
 42497 | Shoals:4 | Found a runed translucent gate.
 42498 | Shoals:4 | Found a runed translucent gate.
 42499 | Shoals:4 | Found a runed translucent gate.
 42565 | Shoals:4 | Reached skill level 13 in Spellcasting
 42565 | Shoals:4 | Gained mutation: Your presence sometimes corrodes those you
                  | injure. [demonic ancestry]
 42565 | Shoals:4 | Reached XP level 20. HP: 150/150 MP: 35/37
 42983 | Elf:1    | Entered Level 1 of the Elven Halls
 43195 | Elf:1    | Found Hotaoloetwe's Antique Weapon Boutique.
 43200 | Elf:1    | Bought a masterwork rapier for 225 gold pieces
 43200 | Elf:1    | Identified the +6 rapier of Demand {spect, rC- rN++ Str+6}
                  | (You bought it in a shop on level 1 of the Elven Halls)
 43329 | Elf:1    | Reached skill level 10 in Dodging
 43849 | Elf:1    | Got the Parchment of Amassed Bombardment
 44167 | Elf:2    | Paralysed by an air elemental for 1 turns
 44278 | Elf:1    | Found a shimmering altar of Xom.
 44361 | Elf:2    | Reached skill level 10 in Air Magic
 44461 | Elf:2    | Found Ceonanep's Antique Armour Shoppe.
 44536 | Elf:2    | Found a runed translucent gate.
 44536 | Elf:2    | Found a runed translucent gate.
 44536 | Elf:2    | Found a runed translucent gate.
 44845 | Elf:3    | Entered Level 3 of the Elven Halls
 44850 | Elf:3    | Reached skill level 14 in Spellcasting
 44863 | Elf:3    | Paralysed by an air elemental for 1 turns
 44887 | Elf:3    | Gained mutation: When low on magic, you restore magic in
                  | place of health. [demonic ancestry]
 44887 | Elf:3    | Reached XP level 21. HP: 131/157 MP: 17/39
 45000 | Elf:3    | Identified the +6 mace of the Gnashing Gods {antimagic,
                  | rPois rCorr SInv}
 45003 | Elf:3    | Identified the +6 war axe of the Hawk {chaos, Str+3}
 45129 | Elf:3    | Identified the +7 chain mail "Mobuagag" {rCorr Int+3
                  | Stlth+}
 45189 | Elf:3    | Identified the ring "Dijemol" {^Contam rElec rN++ Dex+6}
 45436 | Elf:3    | Found Tabidaik's Book Shop.
 45797 | Elf:2    | Bought the +2 shield of Resistance {rF++ rC++ Will++} for
                  | 1903 gold pieces
 45797 | Elf:2    | Found the +2 shield of Resistance {rF++ rC++ Will++}
 46406 | Vaults:1 | Entered Level 1 of the Vaults
 46448 | Vaults:1 | Reached skill level 10 in Translocations
 47015 | Vaults:1 | Found Qaseng's Jewellery Emporium.
 47244 | D:10     | Bought a manual of Conjurations for 1040 gold pieces
 47885 | Vaults:2 | Noticed Donald
 47887 | Vaults:2 | Killed Donald
 48324 | Vaults:2 | Identified the +3 leather armour of the Villain {Rampage
                  | +Blink Will+}
 48386 | Vaults:2 | Reached XP level 22. HP: 168/168 MP: 14/40
 48939 | Vaults:3 | Found a flickering gateway to a bazaar.
 48948 | Bazaar   | Entered a bazaar
 48948 | Bazaar   | Found Boxikips's Armour Boutique.
 48948 | Bazaar   | Found Esaupas's Antique Weapon Shop.
 48948 | Bazaar   | Found Ciugg's Jewellery Shop.
 48948 | Bazaar   | Found Biluer's Assorted Antiques.
 48968 | Bazaar   | Bought a scroll of blinking for 90 gold pieces
 48968 | Bazaar   | Bought a scroll of teleportation for 36 gold pieces
 48986 | Vaults:3 | Reached skill level 15 in Spellcasting
 49092 | Vaults:3 | Found a staircase to the Crypt.
 49499 | Vaults:3 | Learned a level 7 spell: Malign Gateway
 49507 | Vaults:3 | Learned a level 7 spell: Spellforged Servitor
 49743 | Vaults:3 | Identified the +3 leather armour of the Monkey's Uncle
                  | {Rampage rPois Dex+2}
 50136 | Vaults:4 | Noticed Mara
 50142 | Vaults:4 | Killed Mara
 51375 | Crypt:1  | Entered Level 1 of the Crypt
 51439 | Crypt:1  | Noticed Vv
 51462 | Crypt:1  | Killed Vv
 51910 | Crypt:1  | Reached skill level 5 in Shapeshifting
 51939 | Crypt:1  | You fall into a shaft and drop 1 floor!
 52344 | Crypt:2  | Gained mutation: Your presence sometimes corrodes or
                  | deforms those you injure. [demonic ancestry]
 52344 | Crypt:2  | Reached XP level 23. HP: 176/176 MP: 33/42
 52716 | Crypt:3  | Entered Level 3 of the Crypt
 53016 | Crypt:3  | Noticed Margery
 53021 | Crypt:3  | Killed Margery
 53030 | Crypt:3  | Reached skill level 16 in Spellcasting
 53418 | Crypt:3  | Found a basalt altar of Yredelemnul.
 53422 | Crypt:3  | Found an ancient bone altar of Kikubaaqudgha.
 53434 | Crypt:3  | Got the Anthology of the Forceful Crucible
 53474 | Crypt:3  | Identified the staff of the Genius {^Drain rElec rF+ rN+
                  | Conj Necro}
 53474 | Crypt:3  | Identified the death talisman of Chimes {*Slow rF+ rCorr
                  | Str+3}
 53777 | Crypt:3  | Found a staircase to the Tomb.
 53870 | Crypt:3  | Learned a level 7 spell: Orb of Destruction
 54066 | Depths:1 | Entered Level 1 of the Depths
 54258 | Depths:1 | Found Cahus's General Store.
 54264 | Depths:1 | Found a one-way gateway to a ziggurat.
 54289 | Depths:1 | Reached skill level 15 in Conjurations
 54409 | Depths:1 | Found a gateway to Hell.
 54871 | Depths:2 | Gained mutation: You regenerate a lot of health from kills.
                  | [demonic ancestry]
 54871 | Depths:2 | Reached XP level 24. HP: 186/186 MP: 14/43
 55008 | Depths:2 | Found a runed translucent door.
 55075 | Depths:2 | Noticed Norris
 55080 | Depths:2 | Killed Norris
 55978 | Depths:3 | Found a shimmering blue altar of Sif Muna.
 56215 | Depths:3 | Identified the +5 trident of Axoha {chaos, Dex+4}
 56315 | Depths:3 | Found a one-way gate to the infinite horrors of the Abyss.
 56413 | Depths:3 | Identified the +5 morningstar "Yristrang" {drain, rF+ rN+
                  | rCorr}
 56626 | Depths:3 | Reached skill level 15 in Fighting
 56731 | Depths:4 | Entered Level 4 of the Depths
 56923 | Depths:4 | Found a runed translucent door.
 56923 | Depths:4 | Found a runed translucent door.
 56952 | Depths:4 | Reached skill level 17 in Spellcasting
 57034 | Abyss:2  | Found a corrupted altar of Lugonu.
 57034 | Abyss:2  | Cast into level 2 of the Abyss (hell knight)
 57058 | Abyss:2  | Found a corrupted altar of Lugonu.
 57203 | Abyss:3  | Found a corrupted altar of Lugonu.
 57224 | Abyss:3  | Found a corrupted altar of Lugonu.
 57436 | Abyss:3  | Got an abyssal rune of Zot
 57444 | Depths:4 | Escaped the Abyss
 57453 | Depths:4 | Reached XP level 25. HP: 155/195 MP: 10/44
 57489 | Depths:4 | Found a runed translucent door.
 57489 | Depths:4 | Found a runed translucent door.
 57999 | Depths:4 | Found a gate to the Realm of Zot.
 58041 | Depths:4 | Found a runed translucent door.
 58048 | Depths:4 | Found a runed translucent door.
 58510 | Vaults:5 | Entered Level 5 of the Vaults
 58514 | Vaults:5 | Noticed a dread lich
 58523 | Vaults:5 | Noticed a dread lich
 58537 | Vaults:5 | Killed a dread lich
 58539 | Vaults:5 | Killed a dread lich
 58542 | Vaults:5 | Noticed an ancient lich
 58552 | Vaults:5 | Killed an ancient lich
 58553 | Vaults:5 | Reached skill level 10 in Shields
 58554 | Vaults:5 | Noticed an ancient lich
 58571 | Vaults:5 | Killed an ancient lich
 58679 | Vaults:5 | Reached skill level 18 in Spellcasting
 58679 | Vaults:5 | Noticed an ancient lich
 58689 | Vaults:5 | Killed an ancient lich
 58786 | Vaults:5 | Found the +11 plutonium sword {^Contam Stlth-}
 58795 | Vaults:5 | Identified the ring "Esiuluj" {rElec rPois Dex+2}
 58801 | Vaults:5 | Got a silver rune of Zot
 58808 | Vaults:5 | Identified the staff "Orb Guardian's Death" {rC+ Int+3
                  | Stlth+ Ice}
 58810 | Vaults:5 | Identified the +0 troll leather armour of Pukhlina {rF+ rC+
                  | Regen+ MP+9 Dex+3}
 60054 | Slime:1  | Entered Level 1 of the Pits of Slime
 60058 | Slime:1  | Gained mutation: You can speak a Word of Chaos. [demonic
                  | ancestry]
 60058 | Slime:1  | Reached XP level 26. HP: 206/206 MP: 33/45
 60342 | Slime:2  | Reached skill level 10 in Summonings
 60441 | Slime:3  | Noticed Dissolution
 60562 | Slime:2  | Killed Dissolution
 60597 | Slime:2  | Gained mutation: You occasionally lose the ability to read
                  | scrolls when taking damage. [a shining eye]
 60599 | Slime:2  | Gained mutation: Armour fits poorly on your strangely
                  | shaped body. [a shining eye]
 60960 | Slime:5  | Entered Level 5 of the Pits of Slime
 61184 | Slime:5  | Paralysed by a formless jellyfish for 1 turns
 61186 | Slime:5  | Noticed the Royal Jelly
 61192 | Slime:5  | Killed the Royal Jelly
 61242 | Slime:5  | Got Sif Muna's Catalogue of Geometric Interference
 61360 | Slime:5  | Identified the ring of Royalty {Fire rN+ Int+3 Stlth+}
 61399 | Slime:5  | Identified the +5 shortbow "Godaxeat" {speed, Str+6}
 61414 | Slime:5  | Got a slimy rune of Zot
 61483 | Slime:5  | Identified the staff "Ysuip" {rN++ Dex-2 Conj Earth
                  | Alchemy}
 62703 | Zot:1    | Entered Level 1 of the Realm of Zot
 62990 | Zot:1    | Identified the +1 plate armour of Boredom {Rampage Will++
                  | Int+3}
 63375 | Zot:2    | Reached skill level 15 in Air Magic
 63597 | Zot:2    | Identified the ring of Asceticism {*Corrode rF++ Will+
                  | Int+3 Dex+2}
 63602 | Zot:2    | Found a transporter.
 63610 | Zot:2    | Noticed an orb of fire
 63671 | Zot:2    | Found a transporter.
 63825 | Zot:3    | Reached skill level 19 in Spellcasting
 63829 | Zot:3    | Reached XP level 27. HP: 144/213 MP: 20/46
 65289 | Zot:5    | Entered Level 5 of the Realm of Zot
 65499 | Zot:5    | Noticed an orb of fire
 65505 | Zot:5    | Gained mutation: You are weak. (Str -2) [an orb of fire]
 65507 | Zot:5    | Gained mutation: You occasionally lose the ability to drink
                  | potions when taking damage. [an orb of fire]
 65509 | Zot:5    | Gained mutation: You do not regenerate when monsters are
                  | visible. [an orb of fire]
 65510 | Zot:5    | Reached skill level 15 in Fire Magic
 65513 | Zot:5    | Killed an orb of fire
 65524 | Zot:5    | HP: 6/215 [constriction (6)]
 65525 | Zot:5    | HP: 1/215 [tentacled monstrosity (5)]
 65525 | Zot:5    | Annihilated by an Orb Guardian

Illustrated notes

Levels and vault maps discovered:
D:1:      amcnicky_arrival_flooded_fountain, layout_basic
D:2:      layout_basic, serial_shops, shop, basic_altar
D:3:      layout_rooms, marbit_many_paths, nicolae_overflow_quartered_altars,
          chequers_decorated_corner, corexii_shack, minmay_misc_feat_plants,
          grunt_decor_arrowhead, st_stairs_9
D:4:      layout_basic, mainiacjoe_overflow_surrounded_room
D:5:      layout_gridville, minmay_misc_feat_alley, minmay_misc_feat_nine_boxes
D:6:      layout_basic, minmay_temple_entry_statues_fountains,
          hangedman_decor_lopped, nicolae_shop_distant_corner_stores,
          uniq_prince_ribbit1
D:7:      layout_loops_ring, mainiacjoe_overflow_alcove_4,
          serial_park_tiny_pond, minmay_misc_feat_pillars
D:8:      layout_loops_cross, trog_hazing_becter,
          nicolae_shop_i_like_small_books_too, dreamdust_wishing_well
D:9:      layout_long_grid, mainiacjoe_overflow_alcove_2,
          minmay_misc_feat_diagonals, supply_closet_lemuel, uniq_grum,
          uniq_harold, uniq_gastronok
D:10:     layout_roguey, david_lair_shrubbed, david_orc_2,
          nicolae_blasting_shop, lemuel_flamethrower_2
D:11:     layout_roguey [special_room_orc], gauntlet_entry_generic, uniq_maurice
D:12:     layout_loops_ring, roadster_trireme, uniq_azrael
D:13:     layout_rooms, lightli_elemental_guards
D:14:     layout_gridville, hangedman_vaults_entry_quadrant_bands,
          serial_demonic, serial_demonic_f, serial_demonic_e, serial_demonic_c,
          serial_demonic_c, serial_demonic_a, uniq_rupert
D:15:     gammafunk_depths_entry_grave, layout_basic, minmay_misc_feat_chi,
          serial_library_hellmonk_u_bend
Temple:   hellmonk_temple_forest_ring
Lair:1:   layout_loops_ring, minivault_25
Lair:2:   minmay_lair_venomous_thicket, layout_gridlike, dummy_snake_entry,
          special_room [special_room_bee], basic_altar
Lair:3:   layout_regular_city, elwin_shoals_entry_rocks, lemuel_oklob_altar,
          lemuel_fruit_fields, serial_bayou_shore_a, uniq_josephine
Lair:4:   nzn_motion_control, layout_cellular_growth, slime_entry_1,
          infiniplex_staircase_pool_2, lemuel_fruit_tree
Lair:5:   due_jungle_book, layout_gridlike, grunt_forest_stairs_basic
Shoals:1: layout_shoals, nicolae_shoals_this_corrosion
Shoals:2: nicolae_shoals_lighthouse, layout_shoals,
          portal_ice_cave_entry_ugly_swarm, uniq_roxanne
Shoals:3: nicolae_shoals_mermall, layout_shoals, serial_shops, shop_fountains
Shoals:4: shoals_end_simple, layout_shoals, serial_shops, shop,
          nicolae_shoals_stone_sculpture_thing,
          nicolae_shoals_lost_giant_pillars, nicolae_shoals_beach_cooler,
          uniq_louise
Snake:1:  layout_rooms, gammafunk_ghost_arena
Snake:2:  layout_layer_cave
Snake:3:  gammafunk_sealed_library, layout_cave_town,
          nicolae_snake_gridmaze_spiral, st_stairs_8, uniq_vashnia, uniq_aizul,
          uniq_saint_roka, uniq_asterion
Snake:4:  johnstein_snake_rune_scales, layout_cave_town
Slime:1:  layout_caves, cheibrodos_slime_lost_civilization_7
Slime:2:  layout_caves
Slime:3:  layout_caves, dissolution_awaits
Slime:4:  layout_caves, nicolae_slime_welcoming_committee
Slime:5:  slime_pit_nicolae_amoeboid
Orc:1:    layout_diamond_mine
Orc:2:    pf_orc_diabolical, layout_caves, basic_altar,
          biasface_ghost_orc_armoury, guppyfry_library_mini, uniq_sonja
Elf:1:    layout_geoelf_octagon, serial_shops, shop, minmay_elf_sorcery,
          lemuel_upstairs_altar
Elf:2:    elven_hall_of_blades_hangedman_original [nicolae_blade_bullseye],
          layout_gridlike, serial_shops, shop
Elf:3:    minmay_elf_hall_spiked, layout_loops_ring, serial_shops,
          nicolae_shop_getting_attention
Vaults:1: vaults_mumra_hexcomb, nicolae_vaults_closet_pinwheel_6,
          nicolae_vaults_ring_of_whatevers, vaults_standard_mumra_x,
          nicolae_vaults_surprise_closet_hard, vaults_room_large_hall,
          layout_vaults_omnigrid, serial_shops, shop
Vaults:2: vaults_dpeg_ring, v_misc_22, nicolae_vaults_trapezoid_lopsided_4,
          nicolae_vaults_big_angled_halls, hangedman_vaults_capsules,
          nicolae_vaults_tetromino_T_2, nicolae_vaults_three_branches,
          vaults_room_grunt_arrival_ludios, nicolae_vaults_six-pack,
          nicolae_vaults_layer_cake_slice, layout_vaults_big_room, uniq_donald
Vaults:3: hangedman_vaults_slither, nicolae_vaults_sesquioval_fish,
          nicolae_vaults_trapezoid_lopsided_4, v_misc_17,
          nicolae_vaults_trapezoid_1, v_misc_4, nicolae_vaults_specimen_jars,
          minmay_crypt_entry_simple_plaza, nicolae_vaults_statue_guard,
          hangedman_vaults_impose, nicolae_vaults_back_hallway,
          grunt_vaults_bifocal, ontoclasm_vaults_fault, ontoclasm_vaults_hangar,
          nicolae_vaults_offset_grid_hallway_2, nicolae_vaults_sealed_display,
          nicolae_vaults_heart-shaped_vault, layout_vaults_omnibox,
          serial_shops, bzr_entry_gold
Vaults:4: nicolae_vaults_tangram_1, v_rooms_3,
          nicolae_vaults_shipping_containers_2, hangedman_vaults_pinch,
          v_misc_5, grunt_vaults_trifunnel, hangedman_vaults_locks, v_misc_11,
          nicolae_vaults_diamond_1, nicolae_vaults_two_Ls,
          layout_vaults_big_cross, uniq_mara
Vaults:5: serial_shops
Crypt:1:  layout_misc_corridors, serial_library_regret_index_branch_corner,
          uniq_vv
Crypt:2:  layout_gridlike, serial_library_hellmonk_reading_circle
Crypt:3:  lightli_unholy_cathedral, layout_chaotic_city,
          tomb_entry_sphere_bobbens, nicolae_crypt_diagonal_loculi, uniq_margery
Depths:1: layout_cave_pools, enter_ziggurat_b, grunt_metal_band,
          rand_demon_pan_entry_1, serial_shops, nicolae_take_the_stairs,
          kennysheep_doodads, st_stairs_2, serial_bayou_pond_e, zin_scriptorium,
          firewood_loft
Depths:2: minmay_coctagon, layout_cave_shapes, pan_entry, hell_entry,
          hangedman_decor_peaks_small, lemuel_angel_altar,
          infiniplex_staircase_trident, uniq_norris, uniq_josephina
Depths:3: cheibrodos_tormentor_scu, layout_basic, abyss_entry_crystal, hex_tiny,
          pan_entry, grunt_hell_entry_dis_old, nicolae_sif_muna_condensation
Depths:4: evilmike_zot_entry_castle, layout_cave_pools, pf_hell_entry_tar_river,
          nicolae_lava_and_water
Zot:1:    layout_gridlike, regret_index_zotdec_banners, uniq_grunn
Zot:2:    gammafunk_the_bubble [the_bubble_gammafunk_crates],
          layout_misc_corridors
Zot:3:    layout_onion, regret_index_zotdec_twisting_globes
Zot:4:    layout_twisted_circle, lemuel_elevator
Zot:5:    layout_gridlike, grunt_megastairs_2

Skill      XL: |  1  2  3  4  5  6  7  8  9 10 11 12 13 14 15 16 17 18 19 20 21 22 23 24 25 26 27 |
---------------+----------------------------------------------------------------------------------+-----
Dodging        | 2 3 4 5 6 7 8 9 10 11 12 13 | 13.2
Fighting       | 1 2 4 5 6 7 8 9 10 11 12 13 14 15 16 17 | 17.2
Conjurations   | 5 6 7 8 9 10 11 12 13 14 15 16 17 18 | 18.9
Armour         | 1 2 3 4 5 7 8 9 10 11 12 13 14 | 14.1
Fire Magic     | 1 2 3 4 5 6 7 8 9 10 11 12 13 14 15 | 15.0
Spellcasting   | 3 4 5 6 7 8 9 10 11 12 13 14 15 16 17 18 19 | 19.5
Long Blades    | 1 2 3 4 5 6 7 9 10 11 12 13 14 | 14.8
Stealth        | 2 3 |  3.7
Translocations | 1 2 3 4 5 6 7 8 9 10 11 | 11.9
Air Magic      | 2 3 4 5 6 7 8 9 10 11 12 13 14 15 | 15.3
Invocations    | 1 4 5 7 8 9 10 11 12 13 | 13.0
Short Blades   | 1 2 3 4 |  4.1
Throwing       | 1 2 |  2.1
Evocations     | 1 |  1.4
Shields        | 2 4 5 6 7 8 9 10 11 | 11.3
Summonings     | 3 4 5 6 7 8 9 10 11 | 11.3
Shapeshifting  | 1 2 3 4 5 6 7 8 |  8.8

Action                     |  1- 3 |  4- 6 |  7- 9 | 10-12 | 13-15 | 16-18 | 19-21 | 22-24 | 25-27 || total
---------------------------+-------+-------+-------+-------+-------+-------+-------+-------+-------++-------
  Melee: Long sword        |     6 |    10 |    64 |    24 |       |       |       |       |       ||   104
         Tailslap          |     1 |     1 |    11 |    45 |   181 |   171 |    76 |   103 |    48 ||   637
         Whip              |     1 |       |       |       |       |       |       |       |       ||     1
         Dagger            |       |       |       |   236 |   334 |    51 |   261 |    43 |       ||   925
         Punch             |       |       |       |     5 |     8 |       |       |       |       ||    13
         Scimitar          |       |       |       |    45 |   498 |   673 |       |       |       ||  1216
         Demon blade       |       |       |       |       |       |       |       |   283 |   194 ||   477
  Throw: Dart              |       |       |     7 |    55 |    16 |     1 |       |       |       ||    79
         Throwing net      |       |       |       |     1 |       |       |       |       |       ||     1
   Cast: Magic Dart        |    64 |    27 |    36 |    43 |    49 |       |       |       |       ||   219
         Searing Ray       |     3 |     7 |    25 |    27 |    26 |       |       |       |       ||    88
         Foxfire           |    12 |    88 |   113 |   171 |   122 |     2 |       |       |       ||   508
         Iskenderun's Myst |       |       |    15 |    89 |   187 |    13 |    21 |     4 |       ||   329
         Arcjolt           |       |       |       |       |     9 |   104 |    81 |    75 |   100 ||   369
         Starburst         |       |       |       |       |     7 |    22 |     1 |       |       ||    30
         Plasma Beam       |       |       |       |       |       |   193 |   189 |   512 |   215 ||  1109
         Call Imp          |       |       |       |       |       |     2 |       |     4 |       ||     6
         Airstrike         |       |       |       |       |       |     1 |   161 |       |       ||   162
         Orb of Destructio |       |       |       |       |       |       |       |   254 |   352 ||   606
         Spellforged Servi |       |       |       |       |       |       |       |     5 |     9 ||    14
         Malign Gateway    |       |       |       |       |       |       |       |     1 |     1 ||     2
 Invoke: Slouch            |       |       |       |     2 |    13 |    13 |     5 |     3 |    14 ||    50
         Step From Time    |       |       |       |       |     1 |       |       |       |       ||     1
Ability: Word of Chaos     |       |       |       |       |       |       |       |       |     1 ||     1
  Evoke: Wand              |       |       |       |     8 |     5 |     1 |     1 |     3 |       ||    18
         Phantom mirror    |       |       |       |     2 |     2 |     3 |       |     1 |       ||     8
         Sack of spiders   |       |       |       |       |       |       |     1 |     1 |       ||     2
    Use: Scroll            |       |       |    10 |    12 |    12 |    11 |     2 |     4 |    11 ||    62
         Potion            |       |       |     3 |     7 |     7 |     1 |     4 |       |       ||    22
   Stab: Sleeping          |       |       |     1 |       |       |       |       |       |       ||     1
         Invisible         |       |       |       |       |     4 |     1 |     1 |       |       ||     6
         Confused          |       |       |       |       |     4 |       |       |       |       ||     4
         Distracted        |       |       |       |       |       |     1 |       |       |       ||     1
 Armour: Robe              |    11 |    14 |    81 |    56 |       |       |       |       |       ||   162
         Skin              |       |       |       |    62 |       |       |       |       |       ||    62
         Troll leather arm |       |       |       |    19 |       |       |       |       |       ||    19
         Chain mail        |       |       |       |   225 |   790 |   539 |       |       |       ||  1554
         Plate armour      |       |       |       |       |       |   109 |   309 |   382 |   511 ||  1311
  Dodge: Dodged            |    11 |    17 |    56 |   207 |   759 |   652 |   186 |   250 |   314 ||  2452
  Block: Buckler           |       |       |       |       |   253 |   611 |   136 |       |       ||  1000
         Kite shield       |       |       |       |       |       |    14 |    93 |   395 |   420 ||   922

Table legend: (Time is in decaauts)
 A = Elapsed time spent in this place.
 B = Non-inter-level travel time spent in this place.
 C = Inter-level travel time spent in this place.
 D = Time resting spent in this place.
 E = Time spent auto-exploring this place.
 F = Levels seen in this place.
 G = Mean time per level.
                   A        B        C        D        E       F      G
               +--------+--------+--------+--------+--------+-----+--------+
         Total |  97612 |  87250 |  10362 |   9055 |  62758 |  61 | 1600.2 |
       Dungeon |  29192 |  24549 |   4643 |   4773 |  15701 |  15 | 1946.1 |
        Temple |     41 |      3 |     38 |      0 |      0 |   1 |   41.0 |
          Lair |  14072 |  12862 |   1210 |   2681 |   8577 |   5 | 2814.4 |
        Shoals |   6244 |   5578 |    666 |     10 |   4204 |   4 | 1561.0 |
     Snake Pit |   6484 |   6080 |    404 |    524 |   4423 |   4 | 1621.0 |
    Slime Pits |   3913 |   3647 |    266 |    205 |   2747 |   5 |  782.6 |
  Orcish Mines |   2368 |   1926 |    442 |      0 |   1268 |   2 | 1184.0 |
   Elven Halls |   5545 |   5099 |    446 |      2 |   4294 |   3 | 1848.3 |
        Vaults |  10658 |   9369 |   1289 |      7 |   7913 |   5 | 2131.6 |
         Crypt |   4334 |   4188 |    146 |     46 |   3409 |   3 | 1444.7 |
        Depths |   6602 |   5856 |    746 |    158 |   4620 |   4 | 1650.5 |
           Zot |   4641 |   4581 |     60 |     83 |   3800 |   5 |  928.2 |
         Abyss |    660 |    660 |      0 |      0 |    426 |   2 |  330.0 |
        Bazaar |     47 |     47 |      0 |      0 |      0 |   1 |   47.0 |
      Ice Cave |   1705 |   1705 |      0 |    141 |   1018 |   1 | 1705.0 |
      Gauntlet |   1098 |   1098 |      0 |    421 |    354 |   1 | 1098.0 |
               +--------+--------+--------+--------+--------+-----+--------+

Top non-repeatable levels by time:
  Lair:5: 3646 daAuts
    D:10: 3179 daAuts
  Lair:1: 3026 daAuts
  Lair:2: 2831 daAuts
     D:8: 2726 daAuts
     D:9: 2716 daAuts
Vaults:3: 2631 daAuts
    D:12: 2502 daAuts
 Snake:3: 2482 daAuts
  Lair:3: 2420 daAuts
     D:7: 2341 daAuts
    D:14: 2208 daAuts
    D:15: 2182 daAuts
  Lair:4: 2148 daAuts
Vaults:4: 2142 daAuts
